 Dungeon Crawl Stone Soup version 0.30-a0-123-g91d0c66ccf (webtiles) character file.

Game seed: 8246160140214682413

9 jlumianski the Chopper (level 2, 0/17 HPs)
             Began as a Gargoyle Gladiator on Sept 18, 2022.
             Frozen to death by an endoplasm (4 damage)
             ... on level 2 of the Dungeon.
             The game lasted 00:01:00 (300 turns).

jlumianski the Chopper (Gargoyle Gladiator)          Turns: 300, Time: 00:01:01

Health: 0/17       AC: 11    Str: 17    XL:     2   Next: 12%
Magic:  2/2        EV:  7    Int:  8    God:
Gold:   0          SH:  0    Dex: 11    Spells: 1/1 levels left

rFire   . . .      SeeInvis .    a - +0 war axe
rCold   . . .      Faith    .    (no shield)
rNeg    + . .      Spirit   .    h - +0 chain mail
rPois   ∞          Reflect  .    c - +0 helmet
rElec   +          Harm     .    (no cloak)
rCorr   .          Rampage  .    (no gloves)
Will    .....                    (no boots)
Stlth   ..........               i - amulet of the acrobat
HPRegen 0.05/turn                (no ring)
MPRegen 0.08/turn                (no ring)

@: no status effects
A: sickness immunity, AC +2, negative energy resistance 1, electricity
resistance, torment resistance 1, petrification resistance
a: no special abilities


You were on level 2 of the Dungeon.
You visited 1 branch of the dungeon, and saw 3 of its levels.

Inventory:

Hand Weapons
 a - a +0 war axe (weapon)
Missiles
 d - 3 throwing nets (quivered)
 e - a javelin
Armour
 b - a +0 leather armour
 c - a +0 helmet (worn)
 h - a +0 chain mail (worn)
Jewellery
 i - an amulet of the acrobat (around neck)
Scrolls
 f - a scroll of enchant armour {unknown}
 j - a scroll of brand weapon {unknown}
 k - a scroll of identify {unknown}
Potions
 g - a potion of lignification {unknown}


   Skills:
 + Level 2.1 Fighting
 + Level 3.0 Axes
 + Level 1.8 Throwing
 + Level 2.6 Dodging


You had one spell level left.
You didn't know any spells.
Your spell library was empty.

Dungeon Overview and Level Annotations

Branches:
Dungeon (3/15)

Altars:


Innate Abilities, Weirdness & Mutations

You are immune to sickness and miasma.
Your stone body is resilient. (AC +2)
You are immune to poison.
You resist negative energy. (rN+)
You are resistant to electric shocks. (rElec)
You are resistant to unholy torment.
You are immune to petrification.


Message History

The dart slug bites you but does no damage.
You slash the dart slug!
You kill the dart slug!
Your Axes skill increases to level 3!
You have reached level 2!
There is a stone staircase leading down here.
You climb downwards.
The endoplasm quivers.
The goblin hits you but does no damage.
There is a stone staircase leading up here.
The goblin hits you but does no damage.
You climb upwards.
There is a stone staircase leading down here.
You completely miss the goblin. The goblin hits you but does no damage.
You hit the goblin.
The goblin is severely wounded.
The goblin hits you with a +0 dagger. The goblin hits you but does no damage.
You closely miss the goblin.
The goblin is severely wounded.
The goblin barely misses you.
You slash the goblin!
You kill the goblin!
Found a whip.
You see here a +0 dagger.
There is a stone staircase leading down here.
You climb downwards.
The endoplasm freezes you.
You are frozen.
The endoplasm freezes you.
You are frozen.
There is a stone staircase leading up here.
The endoplasm freezes you.
You are frozen.
* * * LOW HITPOINT WARNING * * *
You climb upwards.
There is a stone staircase leading down here.
You hit the endoplasm but do no damage. The endoplasm freezes you.
You are frozen.
You die...

..#...#
#####.#.#.#
#.#...#...#
.#.###.#...#...##
................#
.......<...#)..#
###.##.....#...#
#.......J)...#
...##.##.@##..#
## #..........#
#..##..##..# #..
#..# .# #.. #..#
# #..# ...# ....


You could see an endoplasm.

Vanquished Creatures
  A dart slug (D:2)
  A bat (D:1)
  A goblin (D:2)
  2 hobgoblins (D:1)
  A frilled lizard (D:1)
6 creatures vanquished.

Vanquished Creatures (others)
  6 plants (D:2)
6 creatures vanquished.

Grand Total: 12 creatures vanquished

Notes
Turn   | Place    | Note
-------+----------+-------------------------------------------
     0 | D:1      | jlumianski the Gargoyle Gladiator began the quest for the
                  | Orb.
     0 | D:1      | Reached XP level 1. HP: 12/12 MP: 1/1
   284 | D:2      | Reached skill level 3 in Axes
   284 | D:2      | Reached XP level 2. HP: 17/17 MP: 2/2
   300 | D:2      | Frozen to death by an endoplasm

Illustrated notes

Levels and vault maps discovered:
D:1:      amcnicky_arrival_feature_with_door, layout_basic,
          hellmonk_ecumenical_altar_defaced_shrine, hangedman_decor_points
D:2:      wad_woods_pond, layout_basic, serial_shops, shop_coins,
          chequers_hall_statues_corner_a
D:3:      layout_loops_corners, uniq_crazy_yiuf_cottage, uniq_sigmund,
          uniq_terence

Skill      XL: |  1 |
---------------+----+-----
Axes           | 3 |  3.0
Fighting       | |  2.1
Throwing       | |  1.8
Dodging        | |  2.6

Action                   || total
-------------------------++-------
Melee: War axe           ||    19
Armor: Leather armour    ||     5
       Chain mail        ||     5
Dodge: Dodged            ||     7

Table legend: (Time is in decaauts)
 A = Elapsed time spent in this place.
 B = Non-inter-level travel time spent in this place.
 C = Inter-level travel time spent in this place.
 D = Time resting spent in this place.
 E = Time spent auto-exploring this place.
 F = Levels seen in this place.
 G = Mean time per level.
                   A        B        C        D        E       F      G
               +--------+--------+--------+--------+--------+-----+--------+
         Total |    308 |    308 |      0 |    100 |    100 |   3 |  102.7 |
       Dungeon |    308 |    308 |      0 |    100 |    100 |   3 |  102.7 |
               +--------+--------+--------+--------+--------+-----+--------+

Top non-repeatable levels by time:
     D:1: 273 daAuts
     D:2: 27 daAuts
     D:3: 6 daAuts
